 Dungeon Crawl Stone Soup version 0.22-a0-445-g8c8ef71 (webtiles) character file.

203 Borgoz the Ruffian (level 5, 0/45 HPs)
             Began as a Ghoul Gladiator on June 2, 2018.
             Slain by a river rat (2 damage)
             ... on level 3 of the Dungeon.
             The game lasted 00:04:16 (1833 turns).

Borgoz the Ruffian (Ghoul Gladiator)                Turns: 1833, Time: 00:04:17

Health: 0/45       AC:  5    Str: 18    XL:     5   Next: 81%
Magic:  4/4        EV: 13    Int:  3    God:
Gold:   101        SH:  0    Dex: 11    Spells: 4/4 levels left

rFire    . . .     SeeInvis .     - Unarmed
rCold    + + .     Gourm    .   (no shield)
rNeg     + + +     Faith    .   n - +1 leather armour {rC+}
rPois    ∞         Spirit   .   b - +0 helmet
rElec    .         Reflect  .   (no cloak)
rCorr    .         Harm     .   (no gloves)
MR       .....                  (no boots)
Stlth    +.........             (no amulet)
HPRegen  0.00/turn              (no ring)
MPRegen  0.09/turn              (no ring)

@: rotting
A: rotting body, claws 1, carnivore, cold resistance 1, negative energy
resistance 3, inhibited regeneration, torment resistance, unbreathing
a: no special abilities


You were on level 3 of the Dungeon.
You were not hungry.

You visited 1 branch of the dungeon, and saw 3 of its levels.

You collected 101 gold pieces.

Inventory:

Missiles
 c - 4 throwing nets (quivered)
Armour
 b - a +0 helmet (worn)
 n - a +1 leather armour of cold resistance (worn)
Scrolls
 i - a scroll of remove curse
 l - a scroll of fear
 m - a scroll of fog
Potions
 e - a potion of heal wounds {unknown}
 f - a potion of agility {unknown}
 g - 4 potions of might
 h - a potion of lignification {unknown}
 j - a potion of curing
 o - a potion of haste
Comestibles
 a - 9 chunks of flesh
 d - 7 rations


   Skills:
 + Level 3.2 Fighting
 - Level 1.7 Throwing
 * Level 2.6 Armour
 * Level 4.0 Dodging
 + Level 4.0 Unarmed Combat


You had 4 spell levels left.
You didn't know any spells.
Your spell library was empty.

Dungeon Overview and Level Annotations

Branches:
Dungeon (3/15)

Altars:
Ashenzari
Okawaru

Annotations:
D:2 1 runed door


Innate Abilities, Weirdness & Mutations

Your body is rotting away.
You thrive on raw meat.
You are immune to poison.
You have sharp fingernails.
You are carnivorous and can eat meat at any time.
Your flesh is cold resistant. (rC+)
You are immune to negative energy. (rN+++)
You do not regenerate when monsters are visible.
You are immune to unholy pain and torment.
You can survive without breathing.


Message History

The river rat closely misses you.
You scratch the river rat but do no damage.
The river rat is moderately wounded.
The river rat bites you!
* * * LOW HITPOINT WARNING * * *
You scratch the river rat but do no damage.
The river rat is moderately wounded.
The river rat closely misses you.
You closely miss the river rat.
The river rat is moderately wounded.
The river rat bites you.
* * * LOW HITPOINT WARNING * * *
You barely miss the river rat. Your claw misses the river rat.
The river rat is moderately wounded.
The river rat bites you.
* * * LOW HITPOINT WARNING * * *
You scratch the river rat but do no damage.
The river rat is moderately wounded.
The river rat bites you.
You die...

#.##.. #####.#
# . #.# # #.#
# #.# #
####.#### .
#.......#
#..#.#..#
#..#.#..# #
#..#@#..# #..
#..#r#..#
#...##...K...#
.......†(...##
......†(.>###
...(...####
#####.# ≈..
≈≈.


You could see a river rat and a kobold.

Vanquished Creatures
  An orc priest (D:3)
  An orc wizard (D:3)
  3 gnolls (D:2)
  5 adders
  A river rat (D:3)
  An ooze (D:2)
  A worm (D:2)
  A dart slug (D:2)
  An orc (D:3)
  A giant cockroach (D:3)
  10 hobgoblins
  6 kobolds
  2 quokkas
  3 ball pythons
  4 bats
  9 goblins
  10 rats
60 creatures vanquished.

Notes
Turn   | Place    | Note
-------+----------+-------------------------------------------
     0 | D:1      | Borgoz the Ghoul Gladiator began the quest for the Orb.
     0 | D:1      | Reached XP level 1. HP: 17/17 MP: 0/0
   121 | D:1      | Reached XP level 2. HP: 18/24 MP: 1/1
   341 | D:1      | Found an iron altar of Okawaru.
   641 | D:2      | Reached skill level 1 in Armour
   689 | D:2      | Reached XP level 3. HP: 29/30 MP: 2/2
   745 | D:2      | Found a runed door.
   965 | D:2      | Found a shattered altar of Ashenzari.
  1036 | D:2      | Reached XP level 4. HP: 16/37 MP: 3/3
  1544 | D:3      | Reached XP level 5. HP: 26/45 MP: 4/4
  1832 | D:3      | HP: 2/45 [river rat (5)]
  1833 | D:3      | Slain by a river rat

Vault maps used:
D:1:      lightli_arrival_noodles, okawaru_ov_weapons_minmay
D:2:      nicolae_overflow_hidden_temple, uniq_crazy_yiuf_cottage
D:3:      portal_sewer_entry_b, supply_closet_lemuel

Skill      XL: |  1  2  3  4  5 |
---------------+----------------+-----
Dodging        | 3 4 |  4.0
Armour         | 1 2 |  2.6
Fighting       | 3 |  3.2
Unarmed Combat | 4 |  4.0
Throwing       | |  1.7

Action                   |  1- 3 |  4- 6 || total
-------------------------+-------+-------++-------
Melee: Unarmed           |    89 |    95 ||   184
       Punch             |     2 |     1 ||     3
  Use: Scroll            |       |     8 ||     8
  Eat: Chunk             |     6 |    15 ||    21
Armor: Leather armour    |    15 |    15 ||    30
Dodge: Dodged            |    49 |    58 ||   107

Table legend:
 A = Spawn XP
 B = Non-spawn XP
 C = Spawn XP percentage of total XP
 D = Spawn monster count
 E = Non-spawn monster count
 F = Spawn count percentage of total count
 G = Total turns spent on level
                    A         B        C        D         E        F      G
               +---------+---------+-------+---------+---------+-------+---------
         Total |       0 |     290 |   0.0 |       0 |      60 |   0.0 |  1833
               +---------+---------+-------+---------+---------+-------+---------
           D:1 |       0 |      19 |   0.0 |       0 |      13 |   0.0 |   595
           D:2 |       0 |     120 |   0.0 |       0 |      29 |   0.0 |   899
           D:3 |       0 |     151 |   0.0 |       0 |      18 |   0.0 |   339
               +---------+---------+-------+---------+---------+-------+---------
